 Dungeon Crawl Stone Soup version 0.18.1-48-g4cf74bf (webtiles) character file.

27 atgrul the Digger (level 3, -3/19 HPs)
             Began as a Gargoyle Earth Elementalist on July 30, 2016.
             Slain by Natasha (4 damage)
             ... on level 2 of the Dungeon.
             The game lasted 00:04:19 (868 turns).

atgrul the Digger (Gargoyle Earth Elementalist)      Turns: 868, Time: 00:04:20

Health: -3/19      AC:  6    Str: 11    XL:     3   Next: 10%
Magic:  5/6        EV: 12    Int: 16    God:
Gold:   77         SH:  0    Dex: 10    Spells: 1 memorised, 5 levels left

rFire  . . .     SeeInvis .     g - +0 short sword
rCold  . . .     Gourm    .     a - +1 robe
rNeg   + . .     Faith    .     (no shield)
rPois  ∞         Spirit   .     (no helmet)
rElec  +         Dismiss  .     (no cloak)
rCorr  .         Reflect  .     (no gloves)
SustAt .         Harm     .     (no boots)
MR     .....                    (no amulet)
Stlth  ++........               (no ring)
                                (no ring)

@: slowed, very slow, not resistant to hostile enchantments, unstealthy
A: negative energy resistance 1, electricity resistance, unbreathing,
petrification resistance, rot immunity, AC +3
a: no special abilities


You were on level 2 of the Dungeon.
You were hungry.

You visited 1 branch of the dungeon, and saw 2 of its levels.

You collected 77 gold pieces.

Inventory:

Hand Weapons
 g - a +0 short sword (weapon)
Missiles
 b - 72 stones (quivered)
Armour
 a - a +1 robe (worn)
Jewellery
 k - an uncursed amulet of harm {unknown}
Scrolls
 m - a scroll of identify {unknown}
 n - a scroll of fear {unknown}
Potions
 e - a potion of degeneration {unknown}
Books
 c - a book of Geomancy

   Spells                             Type                      Level
   a - Sandblast                      Earth                        1
   b - Passwall                       Transmutation/Earth          2
   c - Stone Arrow                    Conjuration/Earth            3
   d - Petrify                        Transmutation/Earth          4
   e - Lee's Rapid Deconstruction     Earth                        5
Comestibles
 d - 2 bread rations
 f - 3 chunks of flesh
 h - a meat ration
 j - 5 fruits


   Skills:
 - Level 0.1 Throwing
 - Level 1.5 Dodging
 - Level 2.1 Stealth
 - Level 2.0 Spellcasting
   Level 0.7 Transmutations
 + Level 5.0 Earth Magic


You had 5 spell levels left.
You knew the following spells:

 Your Spells              Type           Power        Failure   Level  Hunger
a - Sandblast             Erth           ###...       2%          1    #......


Dungeon Overview and Level Annotations

Branches:
Dungeon (2/15)

Altars:
Ru

Annotations:
D:2 Natasha


Innate Abilities, Weirdness & Mutations

You are resistant to torment.
Your stone body is resilient (AC +3).
You are immune to poison.
You resist negative energy.
You are resistant to electric shocks.
You can survive without breathing.
You are immune to petrification.
You are immune to rotting.


Message History

Press: ? - help, Shift-Dir - straight line, f/p - bat
Aim: a bat The blast of sand hits the bat.
You kill the bat!
You are feeling hungry.
Natasha barely misses you.
As you read the scroll labeled VYIPROAPAR, it crumbles to dust.
You feel blessed for a moment.
It was a scroll of remove curse.
Natasha completely misses you. The crimson imp hits you.
* * * LOW HITPOINT WARNING * * *
Natasha closely misses you.
As you read the scroll labeled TYV FOSACH, it crumbles to dust.
It is a scroll of enchant armour.
Enchant which item? (? for menu, Esc to quit)
Your +0 robe glows green for a moment.
The shadow imp disappears in a puff of smoke!
The crimson imp hits you but does no damage. x2
Natasha hisses.
Natasha claws you.
You die...

###. ..#.# ....# #.#.#
##...# #.#.# #.....
##...#
#.....###....######
#.........#.......#
##...#..#..<.####.#
#.).##..##.#.#
#####.#...@5.....##
......(..5h.......#
........#.......#.# #
###....§.........#
#.#......#.........##
#........#)......>...
##.#.#.#.##..###.#..##
.........#...###.#..#
##.####............


You could see Natasha and 2 crimson imps.

Vanquished Creatures
  3 bats
  2 giant cockroaches
  5 goblins (D:1)
  3 hobgoblins
  2 giant newts (D:1)
  6 kobolds (D:1)
  6 rats (D:1)
27 creatures vanquished.

Notes
Turn   | Place    | Note
--------------------------------------------------------------
     0 | D:1      | atgrul the Gargoyle Earth Elementalist began the quest for the Orb.
     0 | D:1      | Reached XP level 1. HP: 10/10 MP: 3/3
    94 | D:1      | Reached skill level 4 in Earth Magic
   150 | D:1      | Reached XP level 2. HP: 8/15 MP: 0/5
   761 | D:2      | Reached XP level 3. HP: 19/19 MP: 4/6
   809 | D:2      | Reached skill level 5 in Earth Magic
   830 | D:2      | Found a sacrificial altar of Ru.
   844 | D:2      | Noticed Natasha
   868 | D:2      | Slain by Natasha

Skill      XL: |  1  2  3 |
---------------+----------+-----
Earth Magic    | 4 5 |  5.0
Throwing       | |  0.1
Dodging        | |  1.5
Stealth        | |  2.1
Spellcasting   | |  2.0
Transmutations | |  0.7

Action                   || total
-------------------------++-------
Melee: Unarmed           ||     9
       Short sword       ||     4
Throw: Stone             ||    49
 Cast: Sandblast         ||    35
  Use: Scroll            ||     2
Armor: Robe              ||    18
Dodge: Dodged            ||    36
